[Event "fics rated crazyhouse match"]
[Site "fics, Oklahoma City, OK USA"]
[Date "2001.01.22"]
[White "SuperGrover"]
[WhiteElo "2172"]
[Black "pminear"]
[BlackElo "2565"]
[TimeControl "60+0"]
[Result "0-1"]

1. Nf3 Nc6 2. Nc3 e5 3. e3 Nf6 4. Bb5 d6 5. d4 exd4 6. Nxd4 
Bd7 7. P@d5 Nxd4 8. Bxd7+ Qxd7 9. exd4 Qe7+ 10. B@e2 P@h3 11. Be3 hxg2 
12. Rg1 N@f5 13. Qd2 B@b4 14. N@b5 Bxc3 15. bxc3 Ne4 16. B@a4 P@c6 17. Bg5 
Nxg5 18. Nxc7+ Qxc7 19. Qxg5 B@d7 20. P@e6 fxe6 21. dxe6 Bxe6 22. N@f4 P@d2+ 
23. Kxd2 N@e4+ 24. Kc1 Nxg5 25. Kb2 P@a3+ 26. Kb1 Q@b2# 
{SuperGrover checkmated} 0-1

[Event "fics rated crazyhouse match"]
[Site "fics, Oklahoma City, OK USA"]
[Date "2001.01.22"]
[White "pminear"]
[WhiteElo "2567"]
[Black "SuperGrover"]
[BlackElo "2170"]
[TimeControl "60+0"]
[Result "1-0"]

1. e4 Nc6 2. Nc3 Nf6 3. d4 d5 4. exd5 Nxd5 5. Nf3 Bg4 6. Be2 
e6 7. O-O Be7 8. Nxd5 exd5 9. N@e5 Nxe5 10. Nxe5 Be6 11. f4 P@h3 
12. f5 hxg2 13. fxe6 gxf1=Q+ 14. Qxf1 O-O 15. exf7+ Kh8 16. N@g6+ hxg6 17. Nxg6+ 
Kh7 18. Qh3+ P@h6 19. Nxf8+ Qxf8 20. B@f5+ N@g6 21. Bxg6+ Kxg6 22. N@e5+ Kh7 
23. P@g6# 
{SuperGrover resigns} 1-0

[Event "fics rated crazyhouse match"]
[Site "fics, Oklahoma City, OK USA"]
[Date "2001.01.22"]
[White "SuperGrover"]
[WhiteElo "2168"]
[Black "pminear"]
[BlackElo "2569"]
[TimeControl "60+0"]
[Result "0-1"]

1. Nf3 Nc6 2. Nc3 e5 3. e3 Nf6 4. Bb5 d6 5. d4 exd4 6. Nxd4 
Bd7 7. P@d5 Nxd4 8. exd4 Qe7+ 9. Be3 P@f4 10. Bxd7+ Nxd7 11. Qe2 fxe3 
12. fxe3 B@g6 13. Nb5 B@a5+ 14. B@c3 Bxc3+ 15. bxc3 Nf6 16. P@e5 Ne4 17. exd6 
Nxd6 18. Nxd6+ cxd6 19. P@c7 B@a5 20. B@b4 Bxc7 21. N@b5 N@a6 22. Nxc7+ Nxc7 
23. B@e5 N@e4 24. Bexd6 Qxd6 25. Bxd6 Bxd6 26. P@e5 P@d2+ 27. Qxd2 Nxd2 28. exd6 
N@f3+ 29. Kd1 Bxc2+ 30. Kxc2 P@d3+ 31. Kxd3 B@e4+ 32. Ke2 Nxd4+ 33. exd4 B@d3+ 
34. Kf2 Q@e2+ 35. Kg3 Qxg2+ 36. Kh4 P@g5+ 37. Kh5 P@g6# 
{SuperGrover checkmated} 0-1

[Event "fics rated crazyhouse match"]
[Site "fics, Oklahoma City, OK USA"]
[Date "2001.01.22"]
[White "pminear"]
[WhiteElo "2571"]
[Black "SuperGrover"]
[BlackElo "2166"]
[TimeControl "60+0"]
[Result "0-1"]

1. e4 Nc6 2. Nc3 Nf6 3. d4 d5 4. exd5 Nxd5 5. Nf3 Nxc3 6. bxc3 
e5 7. d5 Bg4 8. dxc6 Qxd1+ 9. Kxd1 bxc6 10. N@d3 Rd8 11. P@d2 e4 
12. Q@e3 Q@e7 13. Ne1 exf3 14. Nxf3 Bxf3+ 15. Qxf3 N@e5 16. Be2 Nxf3 17. Bxf3 
P@e2+ 18. Bxe2 Qxe2+ 19. Kxe2 N@f4+ 20. Kf3 B@e2+ 21. Kxf4 N@d5+ 22. Ke4 Q@f4# 
{pminear checkmated} 0-1

[Event "fics rated crazyhouse match"]
[Site "fics, Oklahoma City, OK USA"]
[Date "2001.01.22"]
[White "SuperGrover"]
[WhiteElo "2188"]
[Black "pminear"]
[BlackElo "2556"]
[TimeControl "60+0"]
[Result "0-1"]

1. Nf3 Nc6 2. e4 e5 3. Bc4 Be7 4. Bxf7+ Kxf7 5. d4 exd4 6. Nxd4 
Bf6 7. Nxc6 bxc6 8. P@f5 Kf8 9. P@g6 hxg6 10. fxg6 B@c4 11. N@h7+ Ke7 
12. P@d3 Be6 13. Bg5 Bxg5 14. Nxg5 B@h5 15. B@e2 Bxg6 16. Nc3 N@f4 17. Bf3 
d6 18. Nxe6 Bxe6 19. B@e3 P@e5 20. Bxf4 exf4 21. N@d5+ cxd5 22. Nxd5+ Bxd5 
23. exd5 P@e3 24. Qe2 N@d4 25. fxe3 Nxe2 26. Bxe2 fxe3 27. B@g5+ P@f6 28. Bxe3 
B@e5 29. N@c6+ Kf8 30. Nxd8 Rxd8 31. P@e6 Nh6 32. P@c3 P@f2+ 33. Bxf2 N@f4 
34. Bf3 N@d2 35. O-O-O Nxf3 36. Q@f7+ Bxf7 37. P@e7+ Kxe7 38. exf7 Q@a1+ 39. B@b1 
Q@d2# 
{SuperGrover forfeits on time} 0-1

[Event "fics rated crazyhouse match"]
[Site "fics, Oklahoma City, OK USA"]
[Date "2001.01.22"]
[White "pminear"]
[WhiteElo "2558"]
[Black "SuperGrover"]
[BlackElo "2185"]
[TimeControl "60+0"]
[Result "1-0"]

1. e4 Nc6 2. Nc3 e6 3. d4 d5 4. exd5 exd5 5. Nf3 Bb4 6. Be2 
Qe7 7. O-O P@h3 8. Nxd5 hxg2 9. Nxe7 gxf1=Q+ 10. Bxf1 Ngxe7 11. P@g2 P@g4 
12. Ng5 R@e1 13. Bf4 Rxd1 14. Rxd1 N@d5 15. Bg3 O-O 16. Bd3 f5 17. P@e6 
Nxd4 18. P@f7+ Kh8 19. R@e8 Bxe6 20. Nxe6 P@f3 21. Bf1 Ne2+ 22. Bxe2 fxg2 
23. Q@g8+ Nxg8 24. fxg8=Q+ Kxg8 25. N@h6+ gxh6 26. Rxf8+ Rxf8 27. R@g7+ Kh8 28. Rxh7+ 
Kxh7 29. Nxf8+ Kg7 30. P@f6+ Kxf8 31. R@f7+ Kxf7 32. N@e5+ Ke6 33. B@f7+ Kxf6 
34. Kxg2 Ke7 35. Kg1 Kf6 36. f3 
{SuperGrover forfeits on time} 1-0

[Event "fics rated crazyhouse match"]
[Site "fics, Oklahoma City, OK USA"]
[Date "2001.01.22"]
[White "SuperGrover"]
[WhiteElo "2182"]
[Black "pminear"]
[BlackElo "2560"]
[TimeControl "60+0"]
[Result "0-1"]

1. Nf3 Nc6 2. Nc3 e5 3. e4 Be7 4. Bc4 Nf6 5. d4 exd4 6. Bxf7+ 
Kxf7 7. Nxd4 Nxd4 8. Qxd4 Rf8 9. P@h6 gxh6 10. Bxh6 P@g7 11. N@g5+ Kg8 
12. Bxg7 Kxg7 13. e5 B@h6 14. exf6+ Bxf6 15. N@h5+ Kh8 16. P@e5 Bfxg5 17. P@g7+ 
Bxg7 18. Nxg7 P@d2+ 19. Kf1 P@h3 20. B@e4 N@e3+ 21. Ke2 B@g4+ 22. P@f3 hxg2 
23. fxe3 gxh1=Q 24. Rxh1 R@e1+ 25. Rxe1 dxe1=Q+ 26. Kxe1 P@f2+ 27. Kxf2 N@h3+ 28. Ke2 
R@f2+ 29. Kd1 Rf1+ 30. Kd2 Rf2+ 31. Ne2 Rxe2+ 32. Kxe2 Ng1+ 33. Kd2 Nxf3+ 
34. Bxf3 Bxf3 35. Nf5 B@g7 36. Nxg7 Bxe3# 
{SuperGrover forfeits on time} 0-1

[Event "fics rated crazyhouse match"]
[Site "fics, Oklahoma City, OK USA"]
[Date "2001.01.22"]
[White "pminear"]
[WhiteElo "2562"]
[Black "SuperGrover"]
[BlackElo "2180"]
[TimeControl "60+0"]
[Result "1-0"]

1. e4 Nc6 2. Nc3 Nf6 3. d4 e6 4. e5 Nd5 5. Nxd5 exd5 6. Nf3 
d6 7. Bb5 Bg4 8. N@b4 Qd7 9. Nxd5 dxe5 10. Bxc6 bxc6 11. N@f6+ gxf6 
12. Nxf6+ Kd8 13. Nxd7 Bxd7 14. Nxe5 Bd6 15. Q@f6# 
{SuperGrover resigns} 1-0

[Event "fics rated crazyhouse match"]
[Site "fics, Oklahoma City, OK USA"]
[Date "2001.01.22"]
[White "SuperGrover"]
[WhiteElo "2178"]
[Black "pminear"]
[BlackElo "2564"]
[TimeControl "60+0"]
[Result "0-1"]

1. Nf3 Nc6 2. Nc3 e5 3. e4 Be7 4. Bb5 Nf6 5. O-O d6 6. d4 
exd4 7. Nxd4 Bd7 8. P@d5 Nxd4 9. Bxd7+ Qxd7 10. Qxd4 P@h3 11. gxh3 N@f3+ 
12. Kh1 Nxd4 13. Be3 Qxh3 14. P@g2 Qxg2+ 15. Kxg2 B@f3# 
{SuperGrover resigns} 0-1

[Event "fics rated crazyhouse match"]
[Site "fics, Oklahoma City, OK USA"]
[Date "2001.01.22"]
[White "pminear"]
[WhiteElo "2566"]
[Black "SuperGrover"]
[BlackElo "2176"]
[TimeControl "60+0"]
[Result "1-0"]

1. e4 Nc6 2. Nc3 Nf6 3. d4 d5 4. exd5 Nxd5 5. Nf3 Nxc3 6. bxc3 
Bg4 7. Be2 e5 8. d5 Bc5 9. N@e4 Bxf3 10. Bxf3 Bxf2+ 11. Nxf2 P@f4 
12. dxc6 bxc6 13. Bxc6+ Kf8 14. N@d7+ Kg8 15. Bxa8 P@e3 16. Ng4 Qxa8 17. Ngf6+ 
gxf6 18. Nxf6+ Kf8 19. B@c5+ P@e7 20. P@g7+ Kxg7 21. Nh5+ Kh6 22. B@g7+ Kg6 
23. Qg4+ P@g5 24. P@f5# 
{SuperGrover checkmated} 1-0

[Event "fics rated crazyhouse match"]
[Site "fics, Oklahoma City, OK USA"]
[Date "2001.01.22"]
[White "SuperGrover"]
[WhiteElo "2174"]
[Black "pminear"]
[BlackElo "2568"]
[TimeControl "60+0"]
[Result "1-0"]

1. Nf3 Nc6 2. Nc3 e5 3. e3 Nf6 4. Bb5 d6 5. d4 exd4 6. Nxd4 
Bd7 7. O-O Nxd4 8. Bxd7+ Qxd7 9. exd4 B@g4 10. Re1+ P@e6 11. P@f3 Bf5 
12. N@g3 Bg6 13. d5 h5 14. dxe6 fxe6 15. P@d5 P@f7 16. dxe6 fxe6 17. P@d5 
P@f7 18. dxe6 fxe6 19. B@f5 Bxf5 20. Nxf5 B@g6 21. Nh4 P@f7 22. P@f5 Bxf5 
23. Nxf5 h4 24. B@h3 N@g6 25. B@d5 c6 26. Nxg7+ Bxg7 27. Bdxe6 fxe6 28. Rxe6+ 
P@e7 29. Rxf6 Bxf6 30. Bxd7+ Kxd7 31. P@e6+ Kxe6 32. P@f5+ Kd7 33. P@e6+ Ke8 
34. N@c7+ Kf8 35. Q@f7# 
{pminear checkmated} 1-0

[Event "fics rated crazyhouse match"]
[Site "fics, Oklahoma City, OK USA"]
[Date "2001.01.22"]
[White "pminear"]
[WhiteElo "2554"]
[Black "SuperGrover"]
[BlackElo "2194"]
[TimeControl "60+0"]
[Result "1-0"]

1. e4 Nc6 2. Nc3 Nf6 3. d4 d5 4. exd5 Nxd5 5. Nf3 Nxc3 6. bxc3 
Bg4 7. Be2 e5 8. d5 Bc5 9. N@e4 Bxf3 10. Bxf3 Bxf2+ 11. Nxf2 P@f4 
12. dxc6 Qxd1+ 13. Nxd1 O-O 14. P@h6 Q@h4+ 15. B@f2 Qxh6 16. N@g4 Qd6 17. B@f6 
N@f5 18. Bxg7 Nxg7 19. P@f6 Nf5 20. Nh6+ Kh8 21. Q@g8# 
{SuperGrover resigns} 1-0

[Event "fics rated crazyhouse match"]
[Site "fics, Oklahoma City, OK USA"]
[Date "2001.01.22"]
[White "SuperGrover"]
[WhiteElo "2191"]
[Black "pminear"]
[BlackElo "2556"]
[TimeControl "60+0"]
[Result "0-1"]

1. Nf3 Nc6 2. Nc3 e5 3. e4 Nf6 4. Bc4 Be7 5. Bxf7+ Kxf7 6. d4 
exd4 7. Nxd4 Nxd4 8. Qxd4 Rf8 9. P@h6 gxh6 10. Bxh6 P@g7 11. N@g5+ Kg8 
12. Bxg7 Kxg7 13. e5 B@g6 14. exf6+ Bxf6 15. P@e5 Qe7 16. P@h6+ Kg8 17. Nf3 
N@c6 18. Qc4+ B@f7 19. Qxc6 dxc6 20. P@g7 P@d2+ 21. Kf1 Bc4+ 22. Kg1 Bxg7 
23. hxg7 Qxg7 24. B@f6 Q@c1+ 25. Rxc1 dxc1=Q+ 26. N@d1 R@f1# 
{SuperGrover checkmated} 0-1

[Event "fics rated crazyhouse match"]
[Site "fics, Oklahoma City, OK USA"]
[Date "2001.01.22"]
[White "pminear"]
[WhiteElo "2558"]
[Black "SuperGrover"]
[BlackElo "2189"]
[TimeControl "60+0"]
[Result "1-0"]

1. e4 Nc6 2. Nc3 Nf6 3. d4 d5 4. exd5 Nxd5 5. Nf3 Bg4 6. Be2 
Nxc3 7. bxc3 e6 8. N@e5 Bxf3 9. Bxf3 Nxe5 10. dxe5 Qxd1+ 11. Bxd1 Rd8 
12. B@f3 Bc5 13. N@e4 Bb6 14. P@f6 N@h4 15. Q@e7# 
{SuperGrover checkmated} 1-0

[Event "fics rated crazyhouse match"]
[Site "fics, Oklahoma City, OK USA"]
[Date "2001.01.22"]
[White "SuperGrover"]
[WhiteElo "2187"]
[Black "pminear"]
[BlackElo "2560"]
[TimeControl "60+0"]
[Result "0-1"]

1. Nf3 Nc6 2. Nc3 e5 3. e4 Be7 4. Bc4 d6 5. Bxf7+ Kxf7 6. d4 
exd4 7. Nxd4 Nxd4 8. Qxd4 P@h3 9. P@f5 hxg2 10. P@e6+ Ke8 11. Qxg7 gxh1=Q+ 
12. N@g1 N@f3+ 13. Kd1 R@e1# 
{SuperGrover checkmated} 0-1

[Event "fics rated crazyhouse match"]
[Site "fics, Oklahoma City, OK USA"]
[Date "2001.01.22"]
[White "pminear"]
[WhiteElo "2562"]
[Black "SuperGrover"]
[BlackElo "2185"]
[TimeControl "60+0"]
[Result "1-0"]

1. e4 Nc6 2. Nc3 Nf6 3. d4 d5 4. exd5 Nxd5 5. Nf3 Nxc3 6. bxc3 
Bf5 7. N@e5 Nxe5 8. Nxe5 e6 9. Bb5+ P@c6 10. Bxc6+ bxc6 11. P@d7+ Ke7 
12. Nxc6+ Kxd7 13. N@e5+ Ke8 14. Nxd8 Kxd8 
{SuperGrover resigns} 1-0

[Event "fics rated crazyhouse match"]
[Site "fics, Oklahoma City, OK USA"]
[Date "2001.01.22"]
[White "pminear"]
[WhiteElo "2566"]
[Black "SuperGrover"]
[BlackElo "2181"]
[TimeControl "60+0"]
[Result "1-0"]

1. e4 Nc6 2. Nc3 e6 3. d4 d5 4. exd5 exd5 5. Bb5 Bb4 6. Qe2+ 
Qe7 7. a3 Bxc3+ 8. bxc3 N@h4 9. B@f1 Nf6 10. P@e5 Ne4 11. Bxc6+ bxc6 
12. N@h5 Rg8 13. Nxg7+ Rxg7 14. P@f6 Nxf6 15. exf6 Qxe2+ 16. Kxe2 Ba6+ 17. Ke1 
Q@e6+ 18. Q@e5 Qxe5+ 19. dxe5 N@f3+ 20. gxf3 Nxf3+ 21. Nxf3 Q@e4+ 22. N@e3 Qxe5 
{SuperGrover resigns} 1-0

[Event "fics rated crazyhouse match"]
[Site "fics, Oklahoma City, OK USA"]
[Date "2001.01.22"]
[White "SuperGrover"]
[WhiteElo "2179"]
[Black "pminear"]
[BlackElo "2568"]
[TimeControl "60+0"]
[Result "0-1"]

1. Nf3 Nc6 2. Nc3 e5 3. e4 Be7 4. Bb5 Nf6 5. Nd5 Nxe4 6. d4 
exd4 7. Nxd4 Nxd4 8. Qxd4 Nf6 9. N@f5 N@e6 10. Qd1 Nxd5 11. Qxd5 P@c6 
12. Qxe6 dxe6 13. Nxg7+ Kf8 14. Bh6 Kg8 15. Nxe6 Bxe6 16. P@g7 P@d2+ 17. Bxd2 
Qxd2+ 18. Kxd2 Bg5+ 19. P@e3 N@e4+ 20. Kd3 N@c5+ 21. Ke2 Q@d2# 
{SuperGrover resigns} 0-1

[Event "fics rated crazyhouse match"]
[Site "fics, Oklahoma City, OK USA"]
[Date "2001.01.22"]
[White "pminear"]
[WhiteElo "2570"]
[Black "SuperGrover"]
[BlackElo "2177"]
[TimeControl "60+0"]
[Result "1-0"]

1. e4 Nc6 2. Nc3 Nf6 3. d4 d5 4. exd5 Nxd5 5. Nf3 Bg4 6. Be2 
Nxc3 7. bxc3 P@h3 8. d5 hxg2 9. Rg1 P@e4 10. dxc6 Qxd1+ 11. Bxd1 bxc6 
12. N@e3 Rd8 13. N@d4 exf3 14. Bxf3 Bxf3 15. P@e6 N@d3+ 16. cxd3 Q@f1+ 17. Nxf1 
gxf1=Q+ 18. Rxf1 N@g2+ 19. Kd2 B@h6+ 20. P@e3 fxe6 21. P@f7+ Kd7 22. N@e5+ Kd6 
23. Q@c5+ Kxc5 24. Nb3+ Kd5 25. Q@c5# 
{SuperGrover checkmated} 1-0

[Event "fics rated crazyhouse match"]
[Site "fics, Oklahoma City, OK USA"]
[Date "2001.01.22"]
[White "SuperGrover"]
[WhiteElo "2175"]
[Black "pminear"]
[BlackElo "2572"]
[TimeControl "60+0"]
[Result "0-1"]

1. Nf3 Nc6 2. Nc3 e5 3. e3 Nf6 4. Bb5 d6 5. O-O Bd7 6. d3 
Be7 7. Ng5 O-O 8. Bd2 a6 9. Bc4 Be8 10. f4 d5 11. Bb3 exf4 
12. exf4 Bc5+ 13. P@e3 d4 14. exd4 Nxd4 15. P@e3 Nxb3 16. axb3 P@d4 17. N@e4 
dxc3 18. Nxc5 cxd2 19. Qxd2 B@b6 20. B@d4 N@d5 21. Nxb7 Bxd4 22. Nxd8 Bxe3+ 
23. Qxe3 Nxe3 24. P@e7 B@c5 25. exf8=Q+ Bxf8 26. Ngxf7 Bxf7 27. R@h8+ Kxh8 28. Nxf7+ 
Kg8 29. Q@h8+ Kxf7 30. P@e6+ Kxe6 31. f5+ Kd7 32. B@e6+ Kc6 33. B@d5+ Kb6 
34. P@a5+ Ka7 35. Qxg7 Bxg7 36. P@b6+ cxb6 
{SuperGrover forfeits on time} 0-1

[Event "fics rated crazyhouse match"]
[Site "fics, Oklahoma City, OK USA"]
[Date "2001.01.22"]
[White "pminear"]
[WhiteElo "2574"]
[Black "SuperGrover"]
[BlackElo "2173"]
[TimeControl "60+0"]
[Result "0-1"]

1. e4 Nc6 2. Nc3 Nf6 3. d4 d5 4. exd5 Nxd5 5. Nf3 Bg4 6. Be2 
Nxc3 7. bxc3 P@e4 8. Ng5 Bxe2 9. Qxe2 N@h4 10. B@h3 B@d5 11. P@d7+ Qxd7 
12. Bxd7+ Kxd7 13. Nxe4 Nxg2+ 14. Kd1 e6 15. N@c5+ Bxc5 16. Nxc5+ Ke7 17. P@f6+ 
gxf6 18. Q@d7+ Kf8 19. B@h6+ Kg8 20. Nxe6 B@f3 21. Qxf7+ Kxf7 22. Ng5+ fxg5 
23. P@e6+ Ke7 24. Bcxg5+ P@f6 25. Bxf6+ Kxf6 26. P@g5+ Ke7 27. P@f6+ Kd8 28. e7+ 
Kd7 29. P@e6+ Kc8 30. e8=Q+ Rxe8 31. Qxf3 Bxf3+ 32. Kc1 B@a3+ 33. Kd2 N@c4+ 
34. Kd3 N@e5+ 35. dxe5 N6xe5+ 36. Kd4 Q@d5# 
{pminear checkmated} 0-1

[Event "fics rated crazyhouse match"]
[Site "fics, Oklahoma City, OK USA"]
[Date "2001.01.22"]
[White "SuperGrover"]
[WhiteElo "2191"]
[Black "pminear"]
[BlackElo "2560"]
[TimeControl "60+0"]
[Result "0-1"]

1. Nf3 Nc6 2. Nc3 e5 3. e3 Nf6 4. Bb5 d6 5. O-O Bd7 6. d4 
exd4 7. Nxd4 Be7 8. f4 Nxd4 9. Bxd7+ Qxd7 10. Qxd4 B@a5 11. P@e5 Bxc3 
12. Qd1 Ne4 13. B@f3 P@f2+ 14. Rxf2 Nxf2 15. Kxf2 N@g4+ 16. Bxg4 N@e4+ 17. Kf3 
Qxg4+ 18. Kxg4 Nf2+ 19. Kf3 Nxd1 20. P@d7+ Kd8 21. N@e6+ fxe6 22. N@f7+ Kxd7 
23. Q@a4+ B@c6+ 24. Qxc6+ bxc6 
{SuperGrover resigns} 0-1

[Event "fics rated crazyhouse match"]
[Site "fics, Oklahoma City, OK USA"]
[Date "2001.01.22"]
[White "pminear"]
[WhiteElo "2562"]
[Black "SuperGrover"]
[BlackElo "2189"]
[TimeControl "60+0"]
[Result "0-1"]

1. e4 Nc6 2. Nc3 Nf6 3. d4 d5 4. exd5 Nxd5 5. Nf3 Nxc3 6. bxc3 
Bg4 7. Be2 e5 8. d5 P@h3 9. dxc6 Qxd1+ 10. Bxd1 bxc6 11. N@e4 Q@e6 
12. Nfg5 hxg2 13. Rg1 Bxd1 14. Be3 N@f3+ 15. Nxf3 Bxf3 16. N@g5 Bxe4 17. Nxe6 
N@f3+ 18. Kd1 P@e2+ 19. Kc1 Ba3+ 20. P@b2 Bxb2+ 21. Kb1 N@d2+ 22. Bxd2 Nxd2+ 
23. Kxb2 Rb8+ 24. B@b4 Nc4+ 25. Kb3 P@a4+ 26. Kxa4 B@b5+ 27. Kb3 B@a4# 
{pminear checkmated} 0-1

[Event "fics rated crazyhouse match"]
[Site "fics, Oklahoma City, OK USA"]
[Date "2001.01.22"]
[White "SuperGrover"]
[WhiteElo "2206"]
[Black "pminear"]
[BlackElo "2548"]
[TimeControl "60+0"]
[Result "0-1"]

1. Nf3 Nc6 2. Nc3 e5 3. e3 Be7 4. Bb5 d6 5. O-O Nf6 6. d3 
Bd7 7. e4 O-O 8. Nd5 Nxd5 9. exd5 Nd4 10. Bxd7 Qxd7 11. Nxd4 exd4 
12. B@h3 B@f5 13. Bxf5 Qxf5 14. B@h3 Qxd5 15. N@f5 B@f6 16. N@f4 Qe5 17. Re1 
P@e3 18. fxe3 dxe3 19. Bxe3 Qxb2 20. P@h6 Qxa1 21. Nxe7+ Kh8 22. hxg7+ Bxg7 
23. Qxa1 Bxa1 24. P@h6 R@g5 25. B@d4+ P@g7 26. hxg7+ Rxg7 27. Bxg7+ Bxg7 28. Nh5 
P@g3 29. hxg3 P@h2+ 30. Kxh2 N@f6 31. P@h6 N@g4+ 32. Bxg4 Nxg4+ 33. Kh3 Q@h2+ 
34. Kxg4 f5+ 35. Nxf5 B@f3+ 36. gxf3 B@h3+ 37. Kf4 Rxf5+ 38. Ke4 d5# 
{SuperGrover checkmated} 0-1

[Event "fics rated crazyhouse match"]
[Site "fics, Oklahoma City, OK USA"]
[Date "2001.01.22"]
[White "pminear"]
[WhiteElo "2550"]
[Black "SuperGrover"]
[BlackElo "2204"]
[TimeControl "60+0"]
[Result "1-0"]

1. e4 Nc6 2. Nc3 Nf6 3. d4 d5 4. exd5 Nxd5 5. Nf3 Bg4 6. Be2 
Nxc3 7. bxc3 P@h3 8. gxh3 N@g2+ 9. Kf1 Bxh3 10. Kg1 e5 11. d5 P@e3 
12. fxe3 Bc5 13. P@f2 e4 14. Nd4 Bxd4 15. exd4 e3 16. fxe3 Qxd5 17. B@f3 
P@f2+ 18. Kxf2 N@g4+ 19. Bxg4 Nxe3 20. Bxe3 Qg2+ 21. Ke1 Bxg4 22. P@d7+ Bxd7 
23. Bf3 P@d2+ 24. Qxd2 Qxf3 25. P@g2 P@f2+ 26. Bxf2 Qxg2 27. Qe2+ B@e4 28. N@g3 
B@e6 29. Nxe4 P@d2+ 30. Kxd2 Qxh1 31. Rxh1 O-O 32. N@h6+ gxh6 33. N@f6+ Kh8 
34. P@g7+ Kxg7 35. Nh5+ Kg6 36. Q@f6# 
{SuperGrover checkmated} 1-0

[Event "fics rated crazyhouse match"]
[Site "fics, Oklahoma City, OK USA"]
[Date "2001.01.22"]
[White "SuperGrover"]
[WhiteElo "2202"]
[Black "pminear"]
[BlackElo "2552"]
[TimeControl "60+0"]
[Result "0-1"]

1. Nf3 Nc6 2. Nc3 e5 3. e3 Nf6 4. Bb5 d6 5. d4 exd4 6. Nxd4 
Bd7 7. O-O Be7 8. P@d5 Nxd4 9. Bxd7+ Qxd7 10. exd4 B@g4 11. f3 Bh5 
12. N@f4 Bg6 13. B@h3 Qd8 14. Re1 N@g5 15. Qe2 Nxh3+ 16. Nxh3 B@f5 17. Bg5 
O-O 18. Qxe7 Qxe7 19. Rxe7 Bxh3 20. gxh3 P@f2+ 21. Kxf2 Bxc2 22. P@e2 Rae8 
23. Bxf6 Q@g6 24. Rg1 Qxf6 25. B@g5 B@e3+ 26. Rxe3 Re7 27. Bxf6 N@d1+ 28. Rxd1 
P@g3+ 29. Ke1 gxf6 30. Kd2 B@e1+ 31. Kxc2 Rxe3 32. N@h6+ Kh8 33. N@f5 R@g7 
{SuperGrover forfeits on time} 0-1

[Event "fics rated crazyhouse match"]
[Site "fics, Oklahoma City, OK USA"]
[Date "2001.01.22"]
[White "pminear"]
[WhiteElo "2554"]
[Black "SuperGrover"]
[BlackElo "2200"]
[TimeControl "60+0"]
[Result "1-0"]

1. e4 Nc6 2. Nc3 Nf6 3. d4 d5 4. exd5 Nxd5 5. Nf3 Nxc3 6. bxc3 
Bg4 7. Be2 P@e4 8. Ng5 Bxe2 9. Qxe2 B@g6 10. Nxe4 e5 11. P@h6 exd4 
12. Nf6# 
{SuperGrover checkmated} 1-0

[Event "fics rated crazyhouse match"]
[Site "fics, Oklahoma City, OK USA"]
[Date "2001.01.22"]
[White "SuperGrover"]
[WhiteElo "2198"]
[Black "pminear"]
[BlackElo "2556"]
[TimeControl "60+0"]
[Result "0-1"]

1. Nf3 Nc6 2. Nc3 e5 3. e3 Be7 4. Bb5 d6 5. d3 Bd7 6. O-O 
Nf6 7. Qe2 O-O 8. Bd2 a6 9. Bc4 Na5 10. Bb3 Nxb3 11. axb3 B@h5 
12. N@g3 Bdg4 13. h3 Bxf3 14. gxf3 Bxf3 15. Qxf3 N@h4 16. Qe2 P@f3 17. Qe1 
d5 18. B@g5 d4 19. Bxh4 dxc3 20. Bxc3 Nd5 21. B@e4 Nxc3 22. bxc3 B@g2 
23. Bxf3 Bxf3 24. Bxe7 Qxe7 25. P@g2 Bxg2 26. Kxg2 P@f3+ 27. Kg1 Qh4 28. B@g4 
N@h6 29. Bxf3 Qxh3 30. B@g2 B@h2+ 31. Kh1 Qh4 32. P@h3 Bxg3 33. fxg3 Qd8 
34. P@h2 N@f5 35. B@e4 P@f4 36. exf4 exf4 37. gxf4 P@g3 38. hxg3 B@e3 39. N@f2 
Bxf2 40. Qxf2 N@e3 41. Qxe3 Nxe3 42. Rf2 Nxg2 43. Rxg2 B@e3 44. N@g5 Qxg5 
45. Bxh7+ Kxh7 46. fxg5 N@f2+ 47. Rxf2 Kh8 48. B@e4 Kg8 
{SuperGrover forfeits on time} 0-1

[Event "fics rated crazyhouse match"]
[Site "fics, Oklahoma City, OK USA"]
[Date "2001.01.22"]
[White "pminear"]
[WhiteElo "2562"]
[Black "SuperGrover"]
[BlackElo "2192"]
[TimeControl "60+0"]
[Result "1-0"]

1. e4 Nc6 2. Nc3 Nf6 3. d4 d5 4. exd5 Nxd5 5. Nf3 Nxc3 6. bxc3 
Bg4 7. Be2 e5 8. Nxe5 Nxe5 9. Bxg4 Nxg4 10. Qxg4 B@d7 11. Qe2+ P@e6 
12. B@g5 Be7 13. P@f6 Bxf6 14. Bxf6 Qxf6 15. B@g5 Qf5 16. N@h5 B@f6 17. Bxf6 
Qxf6 18. Nxf6+ gxf6 19. P@d6 cxd6 20. N@c7+ Ke7 21. Nd5+ Kd8 22. Q@c7+ Ke8 
23. Nxf6+ Kf8 24. Qxd6+ P@e7 25. P@g7+ Kxg7 26. Qxe7 
{SuperGrover resigns} 1-0

[Event "fics rated crazyhouse match"]
[Site "fics, Oklahoma City, OK USA"]
[Date "2001.01.22"]
[White "SuperGrover"]
[WhiteElo "2190"]
[Black "pminear"]
[BlackElo "2564"]
[TimeControl "60+0"]
[Result "0-1"]

1. Nf3 Nc6 2. Nc3 e5 3. e3 Nf6 4. Bb5 d6 5. O-O Bd7 6. d3 
a6 7. Ba4 b5 8. Bb3 Na5 9. Ng5 Nxb3 10. axb3 B@h5 11. f3 h6 
12. Nge4 Nxe4 13. Nxe4 d5 14. N@g3 Bg6 15. Nf2 d4 16. Re1 dxe3 17. Bxe3 
Be7 18. f4 P@d4 19. Bxd4 exd4 20. N@d5 N@e3 21. Nxe3 dxe3 22. Rxe3 B@d4 
23. Re1 N@e3 24. Qe2 O-O 25. P@c3 Nxg2 26. Kxg2 P@h3+ 27. Kg1 Bxf2+ 28. Kxf2 
Bh4 29. P@f3 Re8 30. P@e4 Bxg3+ 31. hxg3 N@g2 32. B@h1 Nxf4 33. gxf4 P@g2 
34. Bxg2 hxg2 35. Kxg2 Qh4 36. B@g3 Qh3+ 37. Kf2 B@h2 38. N@f1 Bxg3+ 39. Nxg3 
B@h4 40. Rg1 Qh2+ 41. P@g2 Bxg3+ 42. Ke3 Qxg1+ 43. Kd2 N@f5 44. Rxg1 R@f2 
45. Qxf2 Kh7 46. Kc1 Bxf2 47. Kb1 Kh8 48. Ka2 Kg8 49. Q@h7+ Kf8 50. R@g8+ 
Ke7 
{SuperGrover forfeits on time} 0-1

[Event "fics rated crazyhouse match"]
[Site "fics, Oklahoma City, OK USA"]
[Date "2001.01.22"]
[White "pminear"]
[WhiteElo "2566"]
[Black "SuperGrover"]
[BlackElo "2188"]
[TimeControl "60+0"]
[Result "1-0"]

1. e4 Nc6 2. Nc3 Nf6 3. d4 d5 4. exd5 Nxd5 5. Nf3 Nxc3 6. bxc3 
Bg4 7. Be2 e5 8. Nxe5 Nxe5 9. Bxg4 Nxg4 10. Qxg4 B@d7 11. Qe2+ Be7 
12. P@h6 N@h4 13. hxg7 Nxg2+ 14. Kd1 Be6 15. gxh8=Q+ N@f8 16. N@e5 P@f6 17. N@g7# 
{SuperGrover checkmated} 1-0

[Event "fics rated crazyhouse match"]
[Site "fics, Oklahoma City, OK USA"]
[Date "2001.01.22"]
[White "SuperGrover"]
[WhiteElo "2186"]
[Black "pminear"]
[BlackElo "2568"]
[TimeControl "60+0"]
[Result "1-0"]

1. Nf3 Nc6 2. Nc3 e5 3. e4 Be7 4. Bc4 Nf6 5. d4 exd4 6. Nxd4 
Nxd4 7. Qxd4 N@e6 8. Bxe6 dxe6 9. Qxd8+ Bxd8 10. e5 Ng4 11. N@h5 Rg8 
12. Q@a4+ B@c6 13. Qxg4 Q@g6 14. Qxg6 fxg6 15. P@f7+ Kxf7 16. Nxg7 Rxg7 17. N@h6+ 
Kf8 18. P@f6 Bxf6 19. exf6 Q@e5+ 20. B@e3 Qxf6 21. N@g4 Qf7 22. Q@h8+ Ke7 
23. Nxf7 Kxf7 24. Q@f8# 
{pminear checkmated} 1-0

[Event "fics rated crazyhouse match"]
[Site "fics, Oklahoma City, OK USA"]
[Date "2001.01.22"]
[White "SuperGrover"]
[WhiteElo "2200"]
[Black "pminear"]
[BlackElo "2556"]
[TimeControl "60+0"]
[Result "1-0"]

1. Nf3 Nc6 2. Nc3 e5 3. e4 Be7 4. Bb5 Nf6 5. Bxc6 dxc6 6. Nxe5 
Qd4 7. Nxf7 Kxf7 8. d3 B@h5 9. P@f3 N@h4 10. Rg1 Kf8 11. Be3 Qd7 
12. P@h6 gxh6 13. Bxh6+ Kf7 14. P@f5 P@e6 15. fxe6+ Qxe6 16. N@g5+ Ke8 17. Nxe6 
Bxe6 18. P@f5 Bef7 19. Bg5 P@g7 20. Bxh4 N@f4 21. Bg3 Nxg2+ 22. Rxg2 P@h3 
23. Rg1 Rd8 24. N@e6 Bxe6 25. fxe6 N@g2+ 26. Kd2 Bxf3 27. Qxf3 Rf8 28. B@f7+ 
Rxf7 29. exf7+ Kf8 30. B@e6 Bb4 31. R@h8+ Ke7 32. Rxd8 Bxc3+ 33. bxc3 Kxd8 
34. f8=Q+ R@e8 35. Q@c8# 
{pminear checkmated} 1-0